 Dungeon Crawl Stone Soup version 0.30-a0-377-g5cb311bc9f (webtiles) character file.

Game seed: 4058552719041329422

2188 retardedninja the Blocker (level 9, -5/72 HPs)
             Began as a Formicid Fighter on Nov 30, 2022.
             Was a Believer of Qazlal.
             Slain by a killer bee (6 damage)
             ... on level 7 of the Dungeon.
             The game lasted 00:10:34 (8004 turns).

retardedninja the Blocker (Formicid Fighter)        Turns: 8004, Time: 00:10:34

Health: -5/72      AC: 14    Str: 25    XL:     9   Next: 59%
Magic:  9/9        EV:  8    Int:  8    God:    Qazlal [**....]
Gold:   271        SH:  8    Dex: 13    Spells: 8/8 levels left

rFire   . . .      SeeInvis +    a - +1 war axe
rCold   . . .      Faith    .    c - +0 buckler
rNeg    . . .      Spirit   .    y - +0 chain mail
rPois   .          Reflect  .    (helmet unavailable)
rElec   .          Harm     .    D - +0 cloak
rCorr   .          Rampage  .    t - +1 pair of gloves
Will    .....                    (no boots)
Stlth   ..........               (no amulet)
HPRegen 0.32/turn                (no ring)
MPRegen 0.11/turn                (no ring)

@: lethally poisoned (-5 -> -13)
A: permanent stasis, dig shafts and tunnels, antennae 3, four strong arms
a: Dig, Shaft Self, Renounce Religion, Upheaval


You were on level 7 of the Dungeon.
You worshipped Qazlal.
Qazlal was pleased with you.
You visited 2 branches of the dungeon, and saw 8 of its levels.

You collected 271 gold pieces.

Inventory:

Hand Weapons
 a - a +1 war axe (weapon)
Armour
 c - a +0 buckler (worn)
 t - a +1 pair of gloves (worn)
 y - a +0 chain mail (worn)
 D - a +0 cloak (worn)
Wands
 i - a wand of paralysis (10)
 u - a wand of iceblast (4) (quivered)
 x - a wand of polymorph (3)
Scrolls
 b - a scroll of acquirement {unknown}
 j - a scroll of vulnerability
 k - a scroll of immolation
 o - a scroll of butterflies
 p - 3 scrolls of fear
Potions
 e - a potion of resistance
 g - 2 potions of heal wounds
 m - 2 potions of magic
 w - 2 potions of ambrosia
 z - a potion of mutation
 B - a potion of attraction


   Skills:
 + Level 7.3 Fighting
 + Level 6.3 Axes
 + Level 7.4 Armour
 + Level 8.9 Shields


You had 8 spell levels left.
You didn't know any spells.
Your spell library contained the following spells:

 Spells                   Type           Power      Damage    Failure   Level
 Apportation              Tloc           0%         N/A       96%         1
 Necrotise                Necr           0%         1d4       96%         1
 Summon Small Mammal      Summ           0%         N/A       96%         1
 Ensorcelled Hibernation  Hex/Ice        0%         N/A       99%         2
 Passwall                 Tmut/Erth      0%         N/A       99%         2
 Yara's Violent Unravell  Hex/Tmut       0%         3d3       100%        5
 Enfeeble                 Hex            0%         N/A       100%        7
 Swiftness                Air            Unusable   N/A       N/A         3

Dungeon Overview and Level Annotations

Branches:
Dungeon (7/15)             Temple (1/1) D:4

Altars:
Ashenzari
Cheibriados
Dithmenos
Elyvilon
Fedhas
Hepliaklqana
Kikubaaqudgha
Makhleb
Nemelex Xobeh
Okawaru
Qazlal
Ru
Sif Muna
Trog
Uskayaw
Vehumet
Wu Jian
Yredelemnul
Zin

Shops:
D:5 !   D:6 *


Innate Abilities, Weirdness & Mutations

You cannot be hasted, slowed, berserked, paralysed or teleported.
You can dig through walls and to a lower floor.
You have a pair of large antennae on your head. (SInv)
Your four strong arms can wield two-handed weapons with a shield.


Message History

The killer bee is heavily wounded.
You start to feel less resistant.
You block the killer bee's attack. The killer bee barely misses you.
Unknown command.
You miss the killer bee.
The killer bee is heavily wounded.
The killer bee stings you but does no damage.
The killer bee stings you!
* * * LOW HITPOINT WARNING * * *
You block the killer bee's attack.
Unknown command.
You closely miss the killer bee.
The killer bee is heavily wounded.
The killer bee stings you.
* * * LOW HITPOINT WARNING * * *
You are poisoned.
The killer bee poisons you! You block the killer bee's attack.
Unknown command.
You closely miss the killer bee.
The killer bee is heavily wounded.
You feel sick. The killer bee stings you.
* * * LOW HITPOINT WARNING * * *
You are lethally poisoned!
The killer bee poisons you! You block the killer bee's attack.
Unknown command.
You hit the killer bee.
The killer bee is severely wounded.
* * * LOW HITPOINT WARNING * * *
You feel very sick.
The killer bee stings you but does no damage.
The killer bee stings you.
* * * LOW HITPOINT WARNING * * *
The killer bee stings you but does no damage.
You barely miss the killer bee.
The killer bee is severely wounded.
Your resistance to elements expires.
* * * LOW HITPOINT WARNING * * *
You feel very sick. You block the killer bee's attack.
The killer bee stings you.
You die...

###.# ..#.# #.#.# #.#.#
....# #.##### #####
......### ##...##
#.###.#.## #####.....#
..###..#.######.@yy.....##
##....###...)...###......#
##.##..#.######## #....#.#
##.##.#.## #.#y...#
....).### #.#.#..# ##.####
#.#.y<.# .....# #.##.#.#
.....## ####### #..y.. #
......###.....# ### y##


You could see 2 killer bees.

Vanquished Creatures
  Prince Ribbit (D:7)
  Sigmund (D:6)
  Eustachio (D:6)
  A water moccasin (D:6)
  An ice beast (D:7)
  A sky beast (D:7)
  An ogre (D:6)
  A centaur (D:7)
  2 bullfrogs
  2 scorpions
  3 killer bees (D:7)
  A howler monkey (D:6)
  3 hounds (D:6)
  Crazy Yiuf (D:6)
  3 gnoll boudas (D:6)
  An orc priest (D:7)
  2 jellies
  4 iguanas
  3 orc wizards
  7 adders
  14 gnolls
  A river rat (D:6)
  2 shadow imps (D:6)
  2 white imps (D:6)
  3 worms
  5 dart slugs
  25 orcs
  8 ball pythons
  8 bats
  3 endoplasms (D:1)
  2 giant cockroaches
  10 goblins
  4 hobgoblins
  6 kobolds
  5 quokkas
  5 frilled lizards
  6 rats
149 creatures vanquished.

Notes
Turn   | Place    | Note
-------+----------+-------------------------------------------
     0 | D:1      | retardedninja the Formicid Fighter began the quest for the
                  | Orb.
     0 | D:1      | Reached XP level 1. HP: 18/18 MP: 1/1
   163 | D:1      | Reached XP level 2. HP: 20/24 MP: 2/2
   620 | D:1      | Reached XP level 3. HP: 25/29 MP: 3/3
  1264 | D:2      | Found a glowing silver altar of Zin.
  1307 | D:2      | Reached XP level 4. HP: 35/37 MP: 4/4
  1909 | D:2      | Reached skill level 5 in Shields
  1909 | D:2      | Reached XP level 5. HP: 41/42 MP: 5/5
  1915 | D:2      | Noticed an eye of devastation
  1918 | D:2      | Noticed a great orb of eyes
  1919 | D:2      | Found a faded altar of an unknown god.
  1923 | D:2      | Noticed an eye of devastation
  1923 | D:2      | Noticed a great orb of eyes
  2326 | D:3      | Found a hide-covered altar of Uskayaw.
  2439 | D:3      | Found a sparkling altar of Nemelex Xobeh.
  2840 | D:4      | Found a broken altar of Ashenzari.
  2935 | D:4      | Found a staircase to the Ecumenical Temple.
  3005 | Temple   | Entered the Ecumenical Temple
  3027 | Temple   | Became a worshipper of Qazlal Stormbringer
  3302 | D:4      | You fall into a shaft and drop 1 floor!
  3302 | D:5      | Entered Level 5 of the Dungeon
  3641 | D:5      | Found Qykh's Distillery.
  3669 | D:5      | Reached XP level 6. HP: 49/49 MP: 6/6
  4133 | D:5      | Found a bloodstained altar of Trog.
  4354 | D:6      | Noticed Sigmund
  4366 | D:6      | Reached * piety under Qazlal
  4368 | D:6      | Killed Sigmund
  4369 | D:6      | Reached skill level 5 in Fighting
  4369 | D:6      | Reached skill level 5 in Armour
  4369 | D:6      | Reached skill level 6 in Shields
  4369 | D:6      | Reached XP level 7. HP: 22/56 MP: 7/7
  4595 | D:6      | Found a hazy altar of Hepliaklqana.
  4785 | D:6      | Found a runed translucent door.
  4786 | D:6      | Noticed Crazy Yiuf
  4830 | D:6      | Reached XP level 8. HP: 31/63 MP: 8/8
  4927 | D:6      | Found Bathar's Assorted Antiques.
  5429 | D:6      | Reached skill level 7 in Shields
  5491 | D:6      | Reached skill level 5 in Axes
  5650 | D:6      | Noticed Eustachio
  5679 | D:6      | Killed Eustachio
  5854 | D:6      | Found a shimmering blue altar of Sif Muna.
  5921 | D:6      | Found a radiant altar of Vehumet.
  6281 | D:6      | Killed Crazy Yiuf
  6921 | D:6      | Reached XP level 9. HP: 59/71 MP: 9/9
  6929 | D:6      | Reached skill level 8 in Shields
  7273 | D:7      | Noticed Prince Ribbit
  7293 | D:7      | Killed Prince Ribbit
  7966 | D:7      | Reached ** piety under Qazlal
  8003 | D:7      | HP: 3/72 [killer bee (6)]
  8004 | D:7      | HP: 1/72 [poisoned by a killer bee]
  8004 | D:7      | Slain by a killer bee

Illustrated notes

Levels and vault maps discovered:
D:1:      dpeg_arrival_three_smaller_balls, layout_basic,
          minmay_misc_feat_four_crosses, hangedman_glass_teeth,
          hangedman_decor_growths, nrook_loot_triangle
D:2:      layout_loops_ring, basic_altar,
          hellmonk_ecumenical_altar_watching_god, palyth_stone_intersect
D:3:      layout_rooms, nemelex_diamond_rough_becter,
          eat_drink_and_be_merry_uskayaw
D:4:      layout_gridville, nicolae_overflow_crystal_walls,
          minmay_temple_entry_sparse_star
D:5:      layout_rooms, trog_butcher_becter, serial_shops, shop
D:6:      layout_gridville, led_sif_book, lemuel_coloured_pillars_altar,
          worldfamousw_hep_ancestral_shrine, cheibrodos_sewer_entry_sluice,
          serial_shops, nicolae_shop_crystal, uniq_eustachio, uniq_sigmund,
          uniq_crazy_yiuf_cottage
D:7:      layout_loops_cross, uniq_prince_ribbit1, uniq_pikel
Temple:   nicolae_temple_ecumenical_triangle

Skill      XL: |  1  2  3  4  5  6  7  8  9 |
---------------+----------------------------+-----
Armour         | 4 5 6 7 |  7.4
Fighting       | 4 5 6 7 |  7.3
Shields        | 5 6 7 8 |  8.9
Axes           | 3 4 5 6 |  6.3

Action                   |  1- 3 |  4- 6 |  7- 9 || total
-------------------------+-------+-------+-------++-------
Melee: War axe           |    77 |   180 |   252 ||   509
Evoke: Wand              |       |       |     2 ||     2
  Use: Potion            |       |     1 |     8 ||     9
       Scroll            |       |       |    16 ||    16
Armor: Scale mail        |    35 |   100 |       ||   135
       Chain mail        |       |    17 |   206 ||   223
Dodge: Dodged            |    41 |    89 |   133 ||   263
Block: Buckler           |    21 |    58 |   153 ||   232

Table legend: (Time is in decaauts)
 A = Elapsed time spent in this place.
 B = Non-inter-level travel time spent in this place.
 C = Inter-level travel time spent in this place.
 D = Time resting spent in this place.
 E = Time spent auto-exploring this place.
 F = Levels seen in this place.
 G = Mean time per level.
                   A        B        C        D        E       F      G
               +--------+--------+--------+--------+--------+-----+--------+
         Total |   8173 |   7964 |    209 |   2899 |   3758 |   8 | 1021.6 |
       Dungeon |   8142 |   7933 |    209 |   2899 |   3758 |   7 | 1163.1 |
        Temple |     31 |     31 |      0 |      0 |      0 |   1 |   31.0 |
               +--------+--------+--------+--------+--------+-----+--------+

Top non-repeatable levels by time:
     D:6: 2884 daAuts
     D:2: 1234 daAuts
     D:1: 1129 daAuts
     D:7: 837 daAuts
     D:4: 834 daAuts
     D:5: 704 daAuts
     D:3: 516 daAuts
  Temple: 31 daAuts
